 Dungeon Sprint DCSS version 0.30.1-11-g7821555f0a (webtiles) character file.

Game seed: 2364170667237766851

7 Heoruswealwe the Conjurer (level 1, 0/10 HPs)
             Began as a Deep Elf Conjurer on Nov 16, 2023.
             Slain by a hound (2 damage)
             ... in the Dungeon (Sprint IX: "|||||||||||||||||||||||||||||").
             The game lasted 00:01:59 (112 turns).

Heoruswealwe the Conjurer (Deep Elf Conjurer)        Turns: 112, Time: 00:01:59

Health: 0/10       AC:  2    Str:  4    XL:     1   Next: 83%
Magic:  8/8        EV: 12    Int: 22    God:
Gold:   0          SH:  0    Dex: 13    Spells: 8/9 levels left

rFire   . . .        (no weapon)
rCold   . . .        (no shield)
rNeg    . . .        c - +0 robe
rPois   .            (no helmet)
rElec   .            (no cloak)
rCorr   .            (no gloves)
SInv    .            (no boots)
Will    .....        (no amulet)
Stlth   ++           (no ring)
HPRegen 0.21/turn    (no ring)
MPRegen 0.11/turn

%: no teleportation
@: no status effects
A: no striking features
a: no special abilities


You were in the Dungeon.
You visited 1 branch

Inventory:

Armour
 c - a +0 robe (worn)
Potions
 a - a potion of curing
 b - 3 potions of magic
 d - a potion of heal wounds
 e - a potion of haste


   Skills:
 - Level 2.4 Dodging
 - Level 2.4 Stealth
 + Level 4.6 Spellcasting
 + Level 5.3 Conjurations


You had 8 spell levels left.
You knew the following spells:

 Your Spells              Type           Power      Damage    Failure   Level
a - Magic Dart            Conj           100%       1d8       1%          1

Your spell library contained the following spells:

 Spells                   Type           Power      Damage    Failure   Level
 Searing Ray              Conj           56%        2d6       1%          2
 Dazzling Flash           Conj/Hex       32%        N/A       11%         3
 Fulminant Prism          Conj/Hex       8%         3d7       34%         4
 Iskenderun's Mystic Bla  Conj/Tloc      16%        2d5       34%         4


Dungeon Overview and Level Annotations

Branches:
Dungeon (1/1)

Altars:


Message History

The dart slug is moderately wounded.
You hit the dart slug.
The dart slug is heavily wounded.
The dart slug bites you.
You hit the dart slug but do no damage.
The dart slug is heavily wounded.
The dart slug bites you.
You are too injured to fight recklessly!
Casting: Magic Dart (safe; 1% risk of failure)
Confirm with . or Enter, or press ? or * to list all spells.
Aiming: Magic Dart (safe; 1% risk of failure)
Press: ? - help, Shift-Dir - straight line, f - dart slug
Aim: a dart slug (heavily wounded, 100% to hit)
The magic dart hits the dart slug!
You kill the dart slug!
There is an open door to the Dungeon here.
Things that are here:
a dart slug corpse; a rat corpse You start resting.
HP restored.
You start resting.
Magic restored.
You open the door.
A black bear, an ogre, a jelly, an ufetubus and a hound come into view.
The black bear growls angrily.
The ogre shouts!
The jelly quivers.
The ufetubus shouts!
The hound barks!
The black bear attacks as you move away!
The black bear barely misses you. The black bear claws you. x2
The black bear attacks as you move away!
The black bear misses you. The black bear claws you.
* * * LOW HITPOINT WARNING * * *
The black bear claws you.
* * * LOW HITPOINT WARNING * * *
Blink to where?
Press: ? - help, Dir - move target
As you read the scroll of blinking, it crumbles to dust.
The ufetubus barely misses you. The ufetubus closely misses you.
The hound barely misses you. The hound bites you.
You die...

▓.▓
▓§▓
▓.▓
▓h▓
▓'▓
▓O▓
▓J▓
▓5▓
▓@▓
▓h▓
▓+▓


You could see a black bear, an ogre, a hound, a jelly and an ufetubus.

Vanquished Creatures
  A dart slug (D)
  A giant cockroach (D)
  A jackal (D)
  2 rats (D)
5 creatures vanquished.

Notes
Turn   | Place    | Note
-------+----------+-------------------------------------------
     0 | D        | Heoruswealwe the Deep Elf Conjurer began the quest for the
                  | Orb.
     0 | D        | Reached XP level 1. HP: 10/10 MP: 6/6
    40 | D        | Reached skill level 5 in Conjurations
   109 | D        | Noticed a black bear
   109 | D        | Noticed an ogre
   109 | D        | Noticed a jelly
   109 | D        | Noticed a hound
   112 | D        | Slain by a hound

Illustrated notes

Levels and vault maps discovered:
D:        linesprint [early_d, line_temple, items_1, d_10, items_2, lair_1,
          lair_end, items_3, orc_1, orc_end, items_4, d_15, swamp_1, shoals_1,
          snake_1, spider_1, d_20, vaults_1, items_5, swamp_end, shoals_end,
          snake_end, spider_end, vaults_end, d_27, items_6, zot_1, zot_end,
          crypt_end, forest_end, elf_end, slime_end, tomb_end, abyss_end,
          pan_hell_end]

Skill      XL: |  1 |
---------------+----+-----
Spellcasting   | 4 |  4.6
Conjurations   | 5 |  5.3
Dodging        | |  2.4
Stealth        | |  2.4

Action                     || total
---------------------------++-------
  Melee: Unarmed           ||    31
   Cast: Magic Dart        ||     8
    Use: Scroll            ||     1
 Armour: Robe              ||    10
  Dodge: Dodged            ||    27
